 Dungeon Crawl Stone Soup version 0.19.5 (webtiles) character file.

2619 Shoikan the Basher (level 9, 0/80 HPs)
             Began as a Minotaur Berserker on Mar 14, 2017.
             Was a High Priest of Trog.
             Slain by an ice beast (14 damage)
             ... on level 7 of the Dungeon.
             The game lasted 00:32:18 (5441 turns).

Shoikan the Basher (Minotaur Berserker)             Turns: 5441, Time: 00:32:22

Health: 0/80       AC: 12    Str: 21    XL:     9   Next: 34%
Magic:  8/8        EV: 10    Int:  4    God:    Trog [*****.]
Gold:   293        SH:  5    Dex: 14    Spells: 0 memorised, 8 levels left

rFire  . . .     SeeInvis .     a - +0 mace
rCold  . . .     Gourm    .     x - +0 chain mail
rNeg   . . .     Faith    .     (no shield)
rPois  .         Spirit   .     (helmet restricted)
rElec  .         Reflect  +     (no cloak)
rCorr  .         Harm     .     m - +0 pair of gloves
MR     .....                    (no boots)
Stlth  ..........               d - +5 amulet of reflection
                                (no ring)
                                (no ring)

@: no status effects
A: retaliatory headbutt, horns 2
a: Berserk, Trog's Hand, Brothers in Arms, Burn Spellbooks, Renounce Religion


You were on level 7 of the Dungeon.
You worshipped Trog.
Trog was extremely pleased with you.
You were not hungry.

You visited 1 branch of the dungeon, and saw 7 of its levels.
You also visited: Ossuary.

You collected 293 gold pieces.

Inventory:

Hand Weapons
 a - a +0 mace (weapon)
Armour
 m - a +0 pair of gloves (worn)
 x - a +0 chain mail (worn)
 y - a +1 scale mail of fire resistance
Jewellery
 d - a +5 amulet of reflection (around neck)
 u - an uncursed ring of flight {unknown}
Wands
 v - a wand of iceblast (0/15)
 D - a wand of teleportation (5/9)
 F - a wand of confusion (18/48)
Scrolls
 b - a scroll of fear {unknown}
 e - a scroll of blinking
 j - a scroll of enchant armour {unknown}
 l - 5 scrolls of remove curse
 o - a scroll of magic mapping {unknown}
 s - a scroll of fog {unknown}
 w - 3 scrolls of identify {unknown}
 B - 4 scrolls of recharging {unknown}
Potions
 f - 2 potions of invisibility {unknown}
 h - 3 potions of agility {unknown}
 n - 2 potions of mutation {unknown}
 q - 3 potions of curing {unknown}
 r - 3 potions of heal wounds {unknown}
 t - 2 potions of brilliance {unknown}
 z - a potion of magic {unknown}
 A - 2 potions of flight {unknown}
Comestibles
 c - 2 bread rations
 i - 2 meat rations
 k - 5 fruits
 p - a beef jerky
 C - a slice of pizza
 E - a chunk of flesh


   Skills:
 + Level 7.7 Fighting
 + Level 11.0 Maces & Flails
 + Level 7.6 Armour
 + Level 4.6 Dodging
 + Level 0.6 Evocations


You had 8 spell levels left.
You didn't know any spells.

Dungeon Overview and Level Annotations

Branches:
Dungeon (7/15)             Temple (0/1) D:4

Altars:
Dithmenos
Hepliaklqana
Qazlal
Yredelemnul
The Shining One


Innate Abilities, Weirdness & Mutations

You reflexively headbutt those who attack you in melee.
You have a pair of horns on your head.


Message History

You are too injured to fight recklessly!
You are too injured to fight recklessly!
The ice beast closely misses you.
You see here a scroll labeled BEYF ZEKHLOWIX.
You closely miss the ice beast. You headbutt the ice beast.
The ice beast is heavily wounded.
You hit the ice beast.
The ice beast is heavily wounded.
The ice beast barely misses you.
You sock the ice beast!
The ice beast is severely wounded.
The ice beast hits you but does no damage.
A worker ant comes into view.
You barely miss the ice beast.
The ice beast is severely wounded.
The worker ant twitches its antennae in your direction.
The ice beast hits you.
* * * LOW HITPOINT WARNING * * *
The ice beast freezes you!
You die...

#...............
#.:.............
#...............
#...............
#...<..........a
#....)..........
#^..............
#...........>$...
#........@Y......
#................
#................
#................
##...............
#...............
#..p............
...............


You could see an ice beast, a worker ant and a neutral freed slave (wandering).

Vanquished Creatures
  Pikel (D:7)
  The ghost of JNO the Cudgeler, an amateur TrFi (D:4)
  A human (D:3)
  A hungry ghost (D:7)
  2 slaves (D:6)
  A necrophage (D:5)
  2 ogres
  A phantom (D:5)
  An eye of draining (D:5)
  2 centaurs
  A bullfrog (D:6)
  2 water moccasin zombies (Ossuary)
  A hound (D:6)
  3 orc priests
  2 bullfrog skeletons
  A centaur skeleton (D:7)
  3 orc wizards (D:4)
  An iguana (D:6)
  4 worker ants (D:4)
  6 big kobold zombies (Ossuary)
  A hound zombie (D:5)
  2 mummies (Ossuary)
  4 gnolls (D:5)
  10 adders
  A howler monkey skeleton (D:5)
  2 shadow imps (D:5)
  2 oozes
  10 adder zombies (Ossuary)
  2 adder skeletons (D:5)
  A worm (D:4)
  2 dart slugs
  3 leopard geckos
  13 orcs
  4 giant cockroaches
  4 goblins
  9 hobgoblins
  6 jackals
  8 kobolds
  2 quokkas
  3 ball pythons
  9 bats
  8 frilled lizards
  A giant cockroach zombie (D:5)
  3 gnoll zombies (Ossuary)
  A hobgoblin zombie (Ossuary)
  A jackal skeleton (D:3)
  2 kobold zombies (Ossuary)
  A leopard gecko zombie (D:6)
  3 orc zombies (Ossuary)
  7 rats
162 creatures vanquished.

Notes
Turn   | Place    | Note
-------+----------+-------------------------------------------
     0 | D:1      | Shoikan the Minotaur Berserker began the quest for the Orb.
     0 | D:1      | Reached XP level 1. HP: 19/19 MP: 0/0
   233 | D:1      | Reached XP level 2. HP: 22/27 MP: 1/1
   298 | D:1      | Reached skill level 4 in Maces & Flails
   591 | D:1      | Reached XP level 3. HP: 33/33 MP: 2/2
   705 | D:1      | Reached ** piety under Trog
  1342 | D:2      | Reached XP level 4. HP: 41/41 MP: 3/3
  1447 | D:2      | Noticed a fire elemental
  1449 | D:2      | Found a stormy altar of Qazlal.
  1450 | D:2      | Noticed an air elemental
  1450 | D:2      | Noticed a water elemental
  1450 | D:2      | Noticed an earth elemental
  1507 | D:2      | Reached skill level 5 in Maces & Flails
  1764 | D:3      | Found a runed door.
  1764 | D:3      | Noticed a human
  1818 | D:3      | Found a basalt altar of Yredelemnul.
  1855 | D:3      | Killed a human
  1855 | D:3      | Reached skill level 5 in Fighting
  1855 | D:3      | Reached skill level 6 in Maces & Flails
  1855 | D:3      | Reached XP level 5. HP: 29/48 MP: 4/4
  1912 | D:3      | Reached *** piety under Trog
  1955 | D:3      | Found a hazy altar of Hepliaklqana.
  2002 | D:3      | Noticed a centaur
  2012 | D:3      | Killed a centaur
  2012 | D:3      | Reached XP level 6. HP: 28/56 MP: 5/5
  2583 | D:4      | Reached skill level 7 in Maces & Flails
  2612 | D:4      | Reached XP level 7. HP: 40/61 MP: 6/6
  2851 | D:4      | Noticed JNO's ghost (amateur TrFi)
  2869 | D:4      | Killed JNO's ghost
  2869 | D:4      | Reached skill level 5 in Armour
  3043 | D:4      | Reached skill level 8 in Maces & Flails
  3311 | D:4      | Found a staircase to the Ecumenical Temple.
  3462 | D:5      | Entered Level 5 of the Dungeon
  3489 | D:5      | Reached **** piety under Trog
  3559 | D:5      | Reached XP level 8. HP: 70/70 MP: 7/7
  3662 | D:5      | Found a sand-covered staircase.
  3669 | Ossuary  | Entered an ossuary
  4034 | Ossuary  | Reached skill level 9 in Maces & Flails
  4465 | D:5      | Found a shadowy altar of Dithmenos.
  4575 | D:5      | Found a glowing golden altar of the Shining One.
  4582 | D:5      | Reached skill level 10 in Maces & Flails
  4777 | D:5      | You fall through a shaft for 2 floors!
  4827 | D:7      | Reached XP level 9. HP: 67/79 MP: 8/8
  4846 | D:6      | Noticed Pikel
  4854 | D:6      | Reached ***** piety under Trog
  5376 | D:7      | Killed Pikel
  5376 | D:7      | Reached skill level 11 in Maces & Flails
  5441 | D:7      | Slain by an ice beast

Skill      XL: |  1  2  3  4  5  6  7  8  9 |
---------------+----------------------------+-----
Maces & Flails | 4 6 7 8 10 11 | 11.0
Fighting       | 4 5 6 7 |  7.7
Armour         | 3 4 5 7 |  7.6
Dodging        | 3 4 |  4.6
Evocations     | |  0.6

Action                   |  1- 3 |  4- 6 |  7- 9 || total
-------------------------+-------+-------+-------++-------
Melee: Mace              |    67 |   109 |   369 ||   545
       Headbutt          |    14 |    12 |    97 ||   123
Invok: Berserk           |       |       |     1 ||     1
Evoke: Wand              |       |       |     5 ||     5
  Use: Potion            |     1 |       |     1 ||     2
       Scroll            |       |     2 |     1 ||     3
 Stab: Sleeping          |     1 |       |       ||     1
  Eat: Chunk             |     1 |     4 |    10 ||    15
       Bread ration      |       |       |     1 ||     1
Armor: Animal skin       |     4 |       |       ||     4
       Scale mail        |     4 |    43 |       ||    47
       Chain mail        |       |     4 |   165 ||   169
       Skin              |       |       |    11 ||    11
Dodge: Dodged            |    35 |    50 |   143 ||   228
Block: Other             |     8 |    38 |    74 ||   120
       Reflection        |       |     1 |       ||     1
